 Dungeon Crawl Stone Soup version 0.27.1-33-g824d729ab1 (webtiles) character file.

Game seed: 2136683688213212160

10971 CrazyMind the Blocker (level 12, -19/89 HPs)
             Began as a Human Fighter on Nov 24, 2021.
             Was an Elder of Okawaru.
             Demolished by a dire elephant simulacrum (20 damage)
             ... in an ice cave.
             The game lasted 00:50:55 (13278 turns).

CrazyMind the Blocker (Human Fighter)              Turns: 13278, Time: 00:50:56

Health: -19/89     AC: 13    Str: 21    XL:     12   Next: 1%
Magic:  15/15      EV: 14    Int: 10    God:    Okawaru [****..]
Gold:   522        SH: 12    Dex: 18    Spells: 11/11 levels left

rFire    x . .     SeeInvis .   a - +1 long sword
rCold    + . .     Faith    .   L - +0 buckler
rNeg     . . .     Spirit   .   F - +1 ring mail {rPois}
rPois    +         Reflect  +   x - +2 helmet
rElec    .         Harm     .   (no cloak)
rCorr    .         Rampage  .   l - +2 pair of gloves
Will     .....                  (no boots)
Stlth    +.........             I - amulet of reflection
HPRegen  0.24/turn              q - ring of ice
MPRegen  0.14/turn              s - +6 ring of dexterity

@: no status effects
A: no striking features
a: Renounce Religion, Heroism


You were in an ice cave.
You worshipped Okawaru.
Okawaru was greatly pleased with you.
You visited 3 branches of the dungeon, and saw 12 of its levels.
You also visited: Ice Cave.

You collected 522 gold pieces.

Inventory:

Hand Weapons
 a - a +1 long sword (weapon)
 J - a +0 dagger of flaming
Missiles
 d - 4 boomerangs (quivered)
 e - 106 sling bullets
 p - 6 curare-tipped darts
 A - 23 poisoned darts
Armour
 c - a +0 kite shield
 l - a +2 pair of gloves (worn)
 x - a +2 helmet (worn)
 F - a +1 ring mail of poison resistance (worn)
 L - a +0 buckler (worn)
Jewellery
 q - a ring of ice (left hand)
 s - a +6 ring of dexterity (right hand)
 z - a ring of positive energy
 G - a ring of fire
 I - an amulet of reflection (around neck)
Wands
 m - a wand of polymorph (5)
 K - a wand of iceblast (9)
Scrolls
 h - 9 scrolls of identify
 o - a scroll of vulnerability {unknown}
 t - 8 scrolls of teleportation
 v - a scroll of blinking {unknown}
 w - a scroll of immolation {unknown}
 D - a scroll of enchant armour
 H - 4 scrolls of enchant weapon
Potions
 k - a potion of flight
 u - a potion of haste {unknown}
 N - a potion of attraction {unknown}


   Skills:
 + Level 6.5 Fighting
 + Level 10.2 Long Blades
 + Level 4.4 Throwing
 + Level 5.2 Armour
 + Level 5.2 Dodging
 * Level 10.8 Shields
 * Level 4.9 Invocations


You had 11 spell levels left.
You didn't know any spells.
Your spell library contained the following spells:

 Spells                   Type           Power      Damage    Failure   Level
 Animate Skeleton         Necr           0%         N/A       52%         1
 Magic Dart               Conj           0%         1d3       52%         1
 Pain                     Necr           0%         1d4       52%         1
 Shock                    Conj/Air       0%         1d3       52%         1
 Call Imp                 Summ           0%         N/A       65%         2
 Slow                     Hex            0%         N/A       65%         2
 Static Discharge         Conj/Air       0%         N/A       65%         2
 Confusing Touch          Hex            0%         N/A       87%         3
 Mephitic Cloud           Conj/Pois/Air  0%         N/A       87%         3
 Swiftness                Air            0%         N/A       87%         3
 Vampiric Draining        Necr           0%         2d6       87%         3
 Airstrike                Air            0%         N/A       99%         4
 Dispel Undead            Necr           0%         3d6       99%         4
 Sticky Flame             Conj/Fire      0%         2d3       99%         4
 Fireball                 Conj/Fire      0%         3d3       100%        5
 Iskenderun's Battlesphe  Conj           0%         2d6       100%        5
 Yara's Violent Unravell  Hex/Tmut       0%         3d3       100%        5
 Conjure Ball Lightning   Conj/Air       0%         3x3d6     100%        6
 Orb of Destruction       Conj           0%         N/A       100%        7


Dungeon Overview and Level Annotations

Branches:
Dungeon (10/15)            Temple (1/1) D:5            Lair (1/6) D:9
  IceCv (1/1)
    Orc: D:9-12

Altars:
Ashenzari
Cheibriados
Dithmenos
Elyvilon
Fedhas
Gozag
Hepliaklqana
Kikubaaqudgha
Makhleb
Nemelex Xobeh
Okawaru
Qazlal
Ru
Sif Muna
Trog
Uskayaw
Vehumet
Wu Jian
Xom
Yredelemnul
Zin
The Shining One

Shops:
D:5 *

Portals:
Abyss: D:6

Annotations:
D:6 2 transporters, Vivir's ghost, novice DDFi
D:10 Fannar


Message History

A dire elephant simulacrum comes into view.
The dire elephant simulacrum closely misses you.
The dire elephant simulacrum trunk-slaps you.
The dire elephant simulacrum freezes you!!
You resist.
There is an open door, spattered with blood here.
You slash the dire elephant simulacrum!
The dire elephant simulacrum is moderately damaged.
You block the dire elephant simulacrum's attack.
The dire elephant simulacrum trunk-slaps you.
The dire elephant simulacrum freezes you!
You resist.
You hit the dire elephant simulacrum but do no damage.
The dire elephant simulacrum is moderately damaged.
You block the dire elephant simulacrum's attack. x2
You hit the dire elephant simulacrum.
The dire elephant simulacrum is moderately damaged.
You hit the dire elephant simulacrum but do no damage.
The dire elephant simulacrum is moderately damaged.
The dire elephant simulacrum tramples you!!
The dire elephant simulacrum freezes you!
You resist.
* * * LOW HITPOINT WARNING * * *
The dire elephant simulacrum trunk-slaps you!
* * * LOW HITPOINT WARNING * * *
The dire elephant simulacrum freezes you!
You resist.
* * * LOW HITPOINT WARNING * * *
Okay, then.
Unknown command.
You feel better.
The dire elephant simulacrum barely misses you.
You riposte.
You hit the dire elephant simulacrum but do no damage.
The dire elephant simulacrum is moderately damaged.
The dire elephant simulacrum trunk-slaps you!
* * * LOW HITPOINT WARNING * * *
The dire elephant simulacrum freezes you!!
You resist.
You die...

#.............##
#.####...####.#
###.4#...#4.###
#⌠[##'##[⌠#
##+#...#+##
#...# ###...#
#.#...#
#'#@..#+#
+.Z.....+
#.8...8.#
+.......+
###.8...8.###
+...........+
###.8...8.###
+.......+
#.8...8.#


You could see a dire elephant simulacrum.

Vanquished Creatures
  A two-headed ogre (D:5)
  Pikel (D:8)
  A manticore (D:9)
  A cane toad (Lair:1)
  2 ice statues (IceCv)
  2 ice devils (Lair:1)
  A hornet (D:9)
  19 yaks
  2 wyverns
  A basilisk (Lair:1)
  Menkaure (D:6)
  A death yak simulacrum (IceCv)
  6 water moccasins
  An acid dragon (D:8)
  An orc warrior (D:8)
  2 ice beasts
  2 sky beasts
  A necrophage (D:8)
  4 centaurs
  A phantom (D:6)
  2 lemures
  3 kobold brigands
  2 bullfrogs
  10 scorpions
  2 wyvern zombies
  A two-headed ogre simulacrum (IceCv)
  2 water moccasin skeletons (D:6)
  5 wights (D:10)
  8 killer bees
  4 howler monkeys
  2 jellies
  A bullfrog zombie (D:5)
  2 centaur zombies (D:9)
  5 hounds
  3 orc priests
  A centaur skeleton (D:2)
  2 bullfrog skeletons (D:6)
  3 iguanas
  2 orc wizards (D:9)
  A polar bear simulacrum (IceCv)
  A spriggan simulacrum (IceCv)
  3 killer bee zombies
  2 wolf simulacra (IceCv)
  A hound skeleton (D:5)
  Robin (D:3)
  A howler monkey zombie (D:9)
  6 adders
  3 white imps
  3 ufetubi
  2 adder skeletons (D:4)
  A dart slug (D:1)
  16 orcs
  12 ball pythons
  7 endoplasms
  2 giant cockroaches
  17 goblins
  9 hobgoblins
  A jackal (D:3)
  4 quokkas
  5 bats
  A frilled lizard (D:1)
  19 kobolds
  3 rats
232 creatures vanquished.

Vanquished Creatures (others)
  A kobold (D:8)
  33 fungi (D:9)
  41 plants (D:9)
75 creatures vanquished.

Grand Total: 307 creatures vanquished

Notes
Turn   | Place    | Note
-------+----------+-------------------------------------------
     0 | D:1      | CrazyMind the Human Fighter began the quest for the Orb.
     0 | D:1      | Reached XP level 1. HP: 18/18 MP: 1/1
   300 | D:1      | Reached XP level 2. HP: 24/24 MP: 2/2
   624 | D:1      | Reached XP level 3. HP: 29/29 MP: 3/3
   845 | D:2      | You fall into a shaft and drop 2 floors!
  1434 | D:2      | Reached XP level 4. HP: 35/35 MP: 4/4
  2331 | D:3      | Noticed a water moccasin
  2344 | D:3      | Reached XP level 5. HP: 24/41 MP: 5/5
  2352 | D:3      | Killed a water moccasin
  2353 | D:3      | Reached skill level 1 in Dodging
  2353 | D:3      | Reached XP level 6. HP: 29/47 MP: 6/6
  2911 | D:3      | Found a shadowy altar of Dithmenos.
  3344 | D:4      | Reached skill level 1 in Throwing
  3426 | D:4      | Reached XP level 7. HP: 37/53 MP: 7/7
  3816 | D:4      | Noticed Robin
  3860 | D:3      | Killed Robin
  4281 | D:5      | Entered Level 5 of the Dungeon
  4302 | D:5      | Noticed a two-headed ogre
  4501 | D:5      | Reached skill level 5 in Shields
  4997 | D:5      | Found a hazy altar of Hepliaklqana.
  5030 | D:5      | Reached XP level 8. HP: 55/60 MP: 8/8
  5419 | D:6      | Found a sparkling altar of Nemelex Xobeh.
  5580 | D:6      | Found a one-way gate to the infinite horrors of the Abyss.
  5580 | D:6      | Noticed Vivir's ghost (novice DDFi)
  5650 | D:6      | Reached skill level 5 in Long Blades
  5874 | D:5      | Found a staircase to the Ecumenical Temple.
  5881 | Temple   | Entered the Ecumenical Temple
  6117 | D:6      | Found a transporter.
  6117 | D:6      | Found a transporter.
  6350 | D:6      | Found a glowing golden altar of the Shining One.
  6423 | D:6      | Noticed Menkaure
  6427 | D:6      | Killed Menkaure
  6450 | D:6      | Reached XP level 9. HP: 56/66 MP: 7/9
  6961 | D:7      | Found an iron altar of Okawaru.
  6962 | D:7      | Found a burning altar of Makhleb.
  6962 | D:7      | Found an opulent altar of Gozag.
  6963 | D:7      | Found an ancient bone altar of Kikubaaqudgha.
  6966 | D:7      | Became a worshipper of Warmaster Okawaru
  7662 | D:5      | Reached skill level 5 in Fighting
  7798 | D:5      | Found Jaug's Elemental Accessories.
  7904 | D:5      | Killed a two-headed ogre
  7904 | D:5      | Reached * piety under Okawaru
  8087 | D:5      | Reached ** piety under Okawaru
  8335 | D:8      | Found a sacrificial altar of Ru.
  8381 | D:8      | Reached XP level 10. HP: 53/74 MP: 8/10
  8390 | D:8      | Noticed Pikel
  8405 | D:8      | Killed Pikel
  9822 | D:9      | Found a staircase to the Lair.
  9830 | D:9      | Reached *** piety under Okawaru
  9840 | D:9      | Reached skill level 1 in Invocations
  9998 | D:9      | Noticed a manticore
 10015 | D:9      | Killed a manticore
 10016 | D:9      | Reached XP level 11. HP: 31/81 MP: 9/12
 10825 | D:9      | Reached **** piety under Okawaru
 10927 | D:9      | Reached skill level 10 in Shields
 11455 | D:10     | Entered Level 10 of the Dungeon
 11632 | D:10     | Reached skill level 5 in Armour
 11664 | D:10     | Noticed Fannar
 11733 | Lair:1   | Entered Level 1 of the Lair of Beasts
 11795 | Lair:1   | Reached skill level 5 in Dodging
 12104 | Lair:1   | Reached skill level 10 in Long Blades
 12133 | Lair:1   | Found a frozen archway.
 12161 | Lair:1   | HP: 2/83 [ice devil (9)]
 12162 | Lair:1   | Reached ***** piety under Okawaru
 12223 | IceCv    | Entered an ice cave
 12994 | IceCv    | Reached XP level 12. HP: 54/89 MP: 15/15
 13275 | IceCv    | HP: 3/89 [dire elephant simulacrum (9)]
 13278 | IceCv    | HP: 1/89 [dire elephant simulacrum (7)]
 13278 | IceCv    | Demolished by a dire elephant simulacrum

Illustrated notes

Levels and vault maps discovered:
D:1:      psy_arrival_statuary, layout_rooms, minmay_strange_pillars
D:2:      layout_basic, grunt_ministairs_2, st_stairs_6
D:3:      layout_rooms, mainiacjoe_overflow_alcove_1, st_stairs_7,
          kennysheep_generic_room_5
D:4:      layout_loops_corners, uniq_robin
D:5:      layout_basic, mainiacjoe_overflow_brackets,
          minmay_temple_entry_from_below_a, serial_park_tiny_1, abandoned_shop,
          nicolae_elemental_shop, kennysheep_boxes
D:6:      layout_loops_ring, mainiacjoe_overflow_surrounded_room,
          mainiacjoe_overflow_24_doors, gammafunk_ghost_abyssal_escape,
          uniq_menkaure
D:7:      layout_basic, grunt_temple_overflow_open, minmay_misc_feat_nine_boxes,
          minivault_23
D:8:      layout_rooms, nicolae_overflow_crystal_walls, bh_walls_and_bars,
          uniq_pikel
D:9:      layout_small_grid, due_lair_maze_entry_diamond, grunt_ministairs_4
D:10:     minmay_the_grid_four_pointed_star
          [minmay_the_grid_triangle_9x9_descending_squares,
          minmay_the_grid_triangle_9x9_corruption,
          minmay_the_grid_triangle_9x9_swiss_cheese,
          minmay_the_grid_triangle_9x9_cache,
          minmay_the_grid_prize_four_corners_diamond_a], layout_stronghold,
          uniq_joseph, uniq_fannar
Temple:   nicolae_temple_figure_eight
Lair:1:   layout_misc_corridors, portal_ice_cave_demonic_guard,
          grunt_megastairs_5
IceCv:    ice_cave_tombish

Skill      XL: |  1  2  3  4  5  6  7  8  9 10 11 |
---------------+----------------------------------+-----
Long Blades    | 3 4 5 7 9 10 | 10.2
Shields        | 4 5 6 7 9 10 | 10.8
Dodging        | 1 2 3 4 5 |  5.2
Throwing       | 1 2 3 4 |  4.4
Fighting       | 4 5 6 |  6.5
Armour         | 4 5 |  5.2
Invocations    | 2 4 |  4.9

Action                   |  1- 3 |  4- 6 |  7- 9 | 10-12 || total
-------------------------+-------+-------+-------+-------++-------
Melee: Long sword        |   124 |   110 |   390 |   626 ||  1250
Throw: Stone             |     9 |    18 |    20 |     7 ||    54
       Dart              |       |     9 |    18 |    23 ||    50
       Boomerang         |       |     4 |    26 |    46 ||    76
Invok: Heroism           |       |       |       |    20 ||    20
  Use: Scroll            |     2 |       |       |     4 ||     6
       Potion            |       |     3 |     1 |     1 ||     5
 Stab: Sleeping          |       |       |     1 |     1 ||     2
       Distracted        |       |       |       |     1 ||     1
Armor: Scale mail        |    69 |    62 |   156 |       ||   287
       Steam dragon scal |       |       |    41 |    40 ||    81
       Ring mail         |       |       |       |    86 ||    86
Dodge: Dodged            |    36 |    44 |   150 |   224 ||   454
Block: Kite shield       |    70 |    52 |   247 |   124 ||   493
       Buckler           |       |       |       |   228 ||   228
       Reflection        |       |       |       |    15 ||    15
       Rpst.: Long sword |    11 |    14 |    37 |    63 ||   125
